 Dungeon Sprint DCSS version 0.19.5 (webtiles) character file.

4600000 Groucho the Axe Maniac (level 23, -61/219 HPs)
             Began as a Demonspawn Assassin on May 8, 2017.
             Was the Champion of Makhleb.
             Annihilated by a sculptor of flesh
             ... wielding a +9 great sword
              (250 damage)
             ... in the Dungeon (Sprint VIII: "Arena of Blood").
             The game lasted 00:03:11 (46 turns).

Groucho the Axe Maniac (Demonspawn Assassin)          Turns: 46, Time: 00:03:12

Health: -61/219    AC: 10    Str: 18    XL:     23   Next: 93%
Magic:  0/54       EV: 35    Int: 15    God:    Makhleb [******]
Gold:   0          SH:  0    Dex: 21    Spells: 0 memorised, 76 levels left

rFire  . . .     SeeInvis .     n - +∞ Axe of Woe
rCold  + . .     Gourm    .     c - +0 robe
rNeg   . . .     Faith    .     (shield currently unavailable)
rPois  .         Spirit   +     (no helmet)
rElec  .         Reflect  .     d - +0 cloak
rCorr  .         Harm     .     (no gloves)
MR     +....     NoTele   +     (boots unavailable)
Stlth  +++++++++.               (no amulet)
                                (no ring)
                                (no ring)

@: mighty
A: talons 3, icy blue scales 3, powered by pain 3, augmentation 2, magic shield,
magic regeneration
a: Minor Destruction, Lesser Servant of Makhleb, Major Destruction, Greater
Servant of Makhleb, Renounce Religion


You were in the Dungeon.
You worshipped Makhleb.
Makhleb was exalted by your worship.
You were not hungry.

You visited 1 branch

Inventory:

Hand Weapons
 a - a +2 dagger
 b - a +0 blowgun
 n - the +∞ Axe of Woe (weapon)
   (You found it in the Dungeon)
Missiles
 e - 8 poisoned needles
 f - 2 curare-tipped needles
Armour
 c - a +0 robe (worn)
 d - a +0 cloak (worn)
Scrolls
 m - a scroll of blinking
Potions
 h - a potion of curing
 i - a potion of heal wounds
 j - a potion of haste
 k - 2 potions of magic
 l - a potion of berserk rage
Comestibles
 g - a bread ration


   Skills:
 O Level 27 Fighting
 O Level 27 Short Blades
 O Level 27 Axes
 O Level 27 Throwing
 O Level 27 Armour
 O Level 27 Dodging
 O Level 27 Stealth
 O Level 27 Unarmed Combat
 O Level 27 Spellcasting
 O Level 27 Invocations


You had 76 spell levels left.
You didn't know any spells.

Dungeon Overview and Level Annotations

Branches:
Dungeon (1/1)

Altars:
Makhleb


Innate Abilities, Weirdness & Mutations

You have claws for feet.
You are completely covered in icy blue scales. (AC +4, rC+)
You are powered by pain.
Your magical and physical power is enhanced at high health.
When hurt, damage is shared between your health and your magic reserves.
You regenerate magic rapidly.


Message History

You destroy the crawling corpse!
You are engulfed in roaring flames.
You hear a shout! x3
The destroyer blinks!
You hear a shout! x3
Two crawling corpses merge to form a small abomination.
The destroyer blinks!
Two crawling corpses merge to form a small abomination.
A destroyer comes into view.
It is wielding a +9 great sword of slicing. 4 orcs and a vampire knight come into view.
The destroyer is wielding a +9 great sword of slicing.
The bag of meat shouts!
You hear a shout! x2
The small abomination completely misses you.
The destroyer blinks!
The small abomination is engulfed in roaring flames.
The small abomination hits you!
You focus on the pain.
You feel your power returning.
The bag of meat moves out of view.
The sculptor of flesh hits you with a +9 great sword!!!!!
Ouch! That really hurt!
You die... oo

.. O. ..... #o
...# #.. ..%# .
.###.. .%.###..
..%...###)%.%..
...oVoxVo§§....
#%z@)§# #_x§§§#
#.C))%#
..%§.._.xVV.
......###§...z.
.###.. .o.###§.
#.. ...# . #..
...# .. .....


You could see 4 destroyers, a sculptor of flesh, a large bag of meat (inner
flame), a meat berserker (berserk), 3 small abominations and 7 bags of meat.

Vanquished Creatures
  4 vampire knights (D)
  14 ogres (D)
  A hydra (D)
  24 orcs (D)
  3 hill giants (D)
  3 large abominations (D)
  2 small abominations (D)
  3 crawling corpses (D)
54 creatures vanquished.

Vanquished Creatures (others)
  An orc (D)
1 creature vanquished.

Grand Total: 55 creatures vanquished

Notes
Turn   | Place    | Note
-------+----------+-------------------------------------------
     0 | D        | Groucho the Demonspawn Assassin began the quest for the Orb.
     0 | D        | Reached XP level 1. HP: 16/16 MP: 1/1
     3 | D        | Noticed a bag of meat
     4 | D        | Noticed a bag of meat
     4 | D        | Noticed a bag of meat
     4 | D        | Became a worshipper of Makhleb the Destroyer
     5 | D        | Noticed a bag of meat
     6 | D        | Noticed a bag of meat
     6 | D        | Noticed a bag of meat
     9 | D        | Noticed a meat berserker
     9 | D        | Killed a bag of meat
     9 | D        | Gained mutation: You have sharp toenails. [demonic ancestry]
     9 | D        | Reached XP level 2. HP: 22/22 MP: 2/2
     9 | D        | Gained mutation: You are partially covered in icy blue scales. (AC +2) [demonic ancestry]
     9 | D        | Reached XP level 3. HP: 27/27 MP: 3/3
     9 | D        | Reached XP level 4. HP: 33/33 MP: 4/4
     9 | D        | Gained mutation: You have razor-sharp toenails. [demonic ancestry]
     9 | D        | Reached XP level 5. HP: 38/38 MP: 5/5
     9 | D        | Gained mutation: When hurt, damage is shared between your health and your magic reserves. [demonic ancestry]
     9 | D        | Reached XP level 6. HP: 44/44 MP: 6/6
     9 | D        | Gained mutation: You sometimes gain a little power by taking damage. [demonic ancestry]
     9 | D        | Reached XP level 7. HP: 50/50 MP: 7/7
     9 | D        | Gained mutation: You are mostly covered in icy blue scales. (AC +3) [demonic ancestry]
     9 | D        | Reached XP level 8. HP: 56/56 MP: 8/8
     9 | D        | Reached XP level 9. HP: 61/61 MP: 9/9
     9 | D        | Reached XP level 10. HP: 67/67 MP: 10/10
     9 | D        | Gained mutation: You are completely covered in icy blue scales. (AC +4, rC+) [demonic ancestry]
     9 | D        | Reached XP level 11. HP: 72/72 MP: 11/11
    10 | D        | Noticed a meat berserker
    10 | D        | Killed a bag of meat
    10 | D        | Reached * piety under Makhleb
    10 | D        | Reached XP level 12. HP: 78/78 MP: 12/12
    10 | D        | Killed a bag of meat
    10 | D        | Gained mutation: You have claws for feet. [demonic ancestry]
    10 | D        | Reached XP level 13. HP: 83/83 MP: 13/13
    10 | D        | Killed a bag of meat
    10 | D        | Gained mutation: You regenerate magic rapidly. [demonic ancestry]
    10 | D        | Reached XP level 14. HP: 90/90 MP: 14/14
    11 | D        | Noticed a meat berserker
    12 | D        | Killed a meat berserker
    12 | D        | Reached ** piety under Makhleb
    12 | D        | Reached XP level 15. HP: 95/95 MP: 15/15
    15 | D        | Noticed a meat berserker
    15 | D        | Killed a meat berserker
    15 | D        | Reached skill level 27 in Axes
    15 | D        | Reached skill level 27 in Dodging
    16 | D        | Killed a meat berserker
    16 | D        | Gained mutation: You sometimes gain power by taking damage. [demonic ancestry]
    16 | D        | Reached XP level 16. HP: 156/156 MP: 10/16
    18 | D        | Noticed a meat berserker
    19 | D        | Killed a meat berserker
    19 | D        | Reached *** piety under Makhleb
    19 | D        | Reached skill level 27 in Fighting
    19 | D        | Reached XP level 17. HP: 109/174 MP: 7/30
    20 | D        | Reached skill level 15 in Spellcasting
    22 | D        | Noticed a destroyer
    23 | D        | Noticed a meat berserker
    23 | D        | Noticed a large bag of meat
    23 | D        | Killed a meat berserker
    23 | D        | Reached **** piety under Makhleb
    23 | D        | Gained mutation: Your magical and physical power is slightly enhanced at high health. [demonic ancestry]
    23 | D        | Reached XP level 18. HP: 182/182 MP: 8/46
    23 | D        | Reached skill level 27 in Spellcasting
    24 | D        | Noticed a meat berserker
    26 | D        | Killed a large bag of meat
    26 | D        | Reached ***** piety under Makhleb
    26 | D        | Reached skill level 15 in Armour
    26 | D        | Reached skill level 15 in Unarmed Combat
    27 | D        | Killed a meat berserker
    27 | D        | Gained mutation: You are powered by pain. [demonic ancestry]
    27 | D        | Reached XP level 19. HP: 176/189 MP: 8/50
    27 | D        | Killed a meat berserker
    28 | D        | Noticed a meat berserker
    28 | D        | Noticed a meat berserker
    30 | D        | Noticed an eight-headed meat hydra
    30 | D        | Noticed a destroyer
    31 | D        | Noticed a large bag of meat
    31 | D        | Noticed a meat berserker
    32 | D        | Noticed a large bag of meat
    33 | D        | Killed a meat berserker
    33 | D        | Reached XP level 20. HP: 184/197 MP: 16/51
    33 | D        | Killed a meat berserker
    34 | D        | Noticed a destroyer
    34 | D        | Killed a destroyer
    34 | D        | Reached skill level 27 in Armour
    34 | D        | Reached skill level 27 in Unarmed Combat
    35 | D        | Reached ****** piety under Makhleb
    35 | D        | Reached skill level 27 in Invocations
    35 | D        | Reached XP level 21. HP: 204/204 MP: 16/52
    35 | D        | Killed a destroyer
    35 | D        | Reached skill level 15 in Throwing
    37 | D        | Reached skill level 15 in Stealth
    38 | D        | Reached skill level 15 in Short Blades
    39 | D        | Killed a destroyer
    39 | D        | Gained mutation: Your magical and physical power is enhanced at high health. [demonic ancestry]
    39 | D        | Reached XP level 22. HP: 212/212 MP: 16/53
    41 | D        | Noticed a destroyer
    41 | D        | Noticed a destroyer
    41 | D        | Reached skill level 27 in Throwing
    41 | D        | Reached XP level 23. HP: 219/219 MP: 17/54
    42 | D        | Reached skill level 27 in Stealth
    42 | D        | Reached skill level 27 in Short Blades
    44 | D        | Noticed a destroyer
    44 | D        | Noticed a destroyer
    44 | D        | Killed a destroyer
    46 | D        | Noticed a destroyer
    46 | D        | Noticed a destroyer
    46 | D        | Annihilated by a sculptor of flesh

Skill      XL: |  1  2  3  4  5  6  7  8  9 10 11 12 13 14 15 16 17 18 19 20 21 22 23 |
---------------+----------------------------------------------------------------------+-----
Axes           | 18 20 22 23 25 27 | 27.0
Dodging        | 18 20 22 23 26 27 | 27.0
Fighting       | 22 27 | 27.0
Spellcasting   | 9 24 27 | 27.0
Armour         | 18 25 27 | 27.0
Unarmed Combat | 18 25 27 | 27.0
Invocations    | 27 | 27.0
Short Blades   | 2 18 24 27 | 27.0
Throwing       | 2 24 27 | 27.0
Stealth        | 20 25 27 | 27.0

Action                   |  1- 3 |  4- 6 |  7- 9 | 10-12 | 13-15 | 16-18 | 19-21 | 22-24 || total
-------------------------+-------+-------+-------+-------+-------+-------+-------+-------++-------
Melee: Executioner's axe |     1 |       |       |     1 |     3 |     6 |     9 |     6 ||    26
Dodge: Dodged            |       |       |       |     2 |       |       |       |     1 ||     3
